 Dungeon Crawl Stone Soup version 0.30.0-5-g1a98f26d00 (webtiles) character file.

Game seed: 2770213407786898854

411 greasedhog the Skirmisher (level 6, -2/51 HPs)
             Began as a Gnoll Hunter on May 13, 2023.
             Slain by an orc
             ... wielding a +0 war axe
              (8 damage)
             ... on level 4 of the Dungeon.
             The game lasted 00:04:36 (3073 turns).

greasedhog the Skirmisher (Gnoll Hunter)            Turns: 3073, Time: 00:04:37

Health: -2/51      AC:  5    Str: 11    XL:     6   Next: 90%
Magic:  9/9        EV: 14    Int:  8    God:
Gold:   154        SH:  0    Dex: 17    Spells: 9/9 levels left

rFire   . . .        s - +0 dagger (drain)
rCold   . . .        (no shield)
rNeg    . . .        j - +2 animal skin
rPois   .            k - +0 helmet
rElec   .            (no cloak)
rCorr   +            (no gloves)
SInv    .            (no boots)
Will    .....        (no amulet)
Stlth   ++           f - ring of resist corrosion
HPRegen 0.28/turn    (no ring)
MPRegen 0.11/turn

%: no passive effects
@: no status effects
A: fangs 1, strong nose, distributed training
a: no special abilities


You were on level 4 of the Dungeon.
You visited 1 branch of the dungeon, and saw 4 of its levels.

You collected 154 gold pieces.

Inventory:

Hand Weapons
 a - a +0 shortbow
 s - a +0 dagger of draining (weapon)
Armour
 j - a +2 animal skin (worn)
 k - a +0 helmet (worn)
Jewellery
 f - a ring of resist corrosion (left hand)
 o - a +6 ring of intelligence
Wands
 q - a wand of polymorph (4)
 r - a wand of iceblast (12)
Scrolls
 b - 3 scrolls of immolation
 c - a scroll of amnesia {unknown}
 e - 3 scrolls of identify {unknown}
Potions
 d - a potion of haste
 g - a potion of brilliance {unknown}
 h - 2 potions of degeneration {unknown}
 i - a potion of berserk rage {unknown}
 m - a potion of heal wounds {unknown}
 n - 2 potions of invisibility {unknown}
 p - a potion of cancellation


   Skills:
 + Level 5.1 Fighting
 + Level 2.2 Short Blades
 + Level 2.2 Long Blades
 + Level 2.2 Axes
 + Level 2.2 Maces & Flails
 + Level 2.2 Polearms
 + Level 2.2 Staves
 + Level 8.8 Ranged Weapons
 + Level 2.2 Throwing
 + Level 2.2 Armour
 + Level 5.1 Dodging
 + Level 3.3 Stealth
 + Level 2.2 Shields
 + Level 2.2 Unarmed Combat
 + Level 2.2 Spellcasting
 + Level 1.8 Conjurations
 + Level 1.8 Hexes
 + Level 1.8 Summonings
 + Level 1.8 Necromancy
 + Level 1.8 Translocations
 + Level 1.8 Transmutations
 + Level 1.8 Fire Magic
 + Level 1.8 Ice Magic
 + Level 1.8 Air Magic
 + Level 1.8 Earth Magic
 + Level 1.8 Poison Magic
 + Level 2.5 Invocations
 + Level 2.2 Evocations


You had 9 spell levels left.
You didn't know any spells.
Your spell library contained the following spells:

 Spells                   Type           Power      Damage    Failure   Level
 Kiss of Death            Conj/Necr      12%        2d6       17%         1
 Confusing Touch          Hex            3%         N/A       45%         3
 Animate Armour           Summ/Erth      6%         N/A       86%         4
 Dispel Undead            Necr           3%         3d7       86%         4
 Blade Hands              Tmut           1%         N/A       99%         5
 Iron Shot                Conj/Erth      1%         9d1       100%        6


Dungeon Overview and Level Annotations

Branches:
Dungeon (4/15)
 Temple: D:4-7

Altars:
Yredelemnul


Innate Abilities, Weirdness & Mutations

You have very sharp teeth.
Your uncanny sense of smell can sniff out nearby items.
Your experience applies equally to all skills.


Message History

Unknown command.
It was a potion of cancellation.
Your magical effects are unravelling.
You feel magically purged.
You feel yourself slow down.
It was a potion of curing.
You feel better. The orc priest hits you with a +0 club.
* * * LOW HITPOINT WARNING * * *
The orc barely misses you. The orc hits you but does no damage.
You feel better.
The orc priest hits you but does no damage.
The orc completely misses you. The orc barely misses you.
You hit the orc priest. You drain the orc priest.
The orc priest is severely wounded.
The orc priest completely misses you. The orc closely misses you.
The orc hits you with a +0 hand axe.
You hit the orc priest. You drain the orc priest.
The orc priest is almost dead.
The orc priest calls down the wrath of Beogh upon you.
Beogh smites you!
* * * LOW HITPOINT WARNING * * *
The orc barely misses you. The orc hits you with a +0 hand axe.
* * * LOW HITPOINT WARNING * * *
You feel better. The orc priest completely misses you.
The orc hits you but does no damage. The orc closely misses you.
You barely miss the orc priest.
The orc priest is almost dead.
The orc priest misses you. The orc barely misses you.
The orc closely misses you.
You hit the orc priest.
You kill the orc priest!
The orc hits you with a +0 war axe.
* * * LOW HITPOINT WARNING * * *
The orc barely misses you.
You barely miss the orc.
The orc is almost dead.
The orc hits you with a +0 hand axe.
* * * LOW HITPOINT WARNING * * *
The orc hits you with a +0 war axe!
You die...

#.#.............# #
#.#.#####.#####.# ..
#.#.#####.#####.##
#.##.#..............#
#.#.....###...####..#
#.>.....###.........#
#.............####..##
##.>.....<###.# #....
##.o@....###.# #.##.
########o)........####.#)#
....)....#..(.............
....##.)...#..##..##.#.#.#
. #.#.#................
#)#.##.#....).......#
.$#.# .####..##<###.#
#..#.# .# #.. #.# .#
##.#$# #. ... ..


You could see 2 orcs.

Vanquished Creatures
  2 orc priests (D:4)
  A hound (D:3)
  A jelly (D:3)
  Terence (D:2)
  An orc wizard (D:4)
  Ijyb (D:3)
  Robin (D:2)
  6 gnolls (D:3)
  4 adders
  An ufetubus (D:3)
  2 worms
  2 dart slugs
  7 orcs
  10 ball pythons
  4 endoplasms
  2 giant cockroaches
  18 goblins
  15 hobgoblins
  3 quokkas
  4 bats
  3 frilled lizards
  11 kobolds
  5 rats
105 creatures vanquished.

Vanquished Creatures (others)
  A kobold (D:3)
1 creature vanquished.

Grand Total: 106 creatures vanquished

Notes
Turn   | Place    | Note
-------+----------+-------------------------------------------
     0 | D:1      | greasedhog the Gnoll Hunter began the quest for the Orb.
     0 | D:1      | Reached XP level 1. HP: 20/20 MP: 1/1
   391 | D:1      | Reached XP level 2. HP: 26/26 MP: 2/2
   797 | D:1      | Reached XP level 3. HP: 31/31 MP: 3/3
  1168 | D:2      | Reached skill level 1 in Invocations
  1179 | D:2      | Noticed Robin
  1187 | D:2      | Killed Robin
  1188 | D:2      | Reached skill level 1 in Short Blades
  1188 | D:2      | Reached skill level 1 in Long Blades
  1188 | D:2      | Reached skill level 1 in Axes
  1188 | D:2      | Reached skill level 1 in Maces & Flails
  1188 | D:2      | Reached skill level 1 in Polearms
  1188 | D:2      | Reached skill level 1 in Staves
  1188 | D:2      | Reached skill level 1 in Throwing
  1188 | D:2      | Reached skill level 1 in Armour
  1188 | D:2      | Reached skill level 1 in Shields
  1188 | D:2      | Reached skill level 1 in Unarmed Combat
  1188 | D:2      | Reached skill level 1 in Spellcasting
  1188 | D:2      | Reached skill level 1 in Evocations
  1196 | D:2      | Reached XP level 4. HP: 25/38 MP: 5/5
  1400 | D:2      | Noticed Terence
  1414 | D:2      | Killed Terence
  1415 | D:2      | Reached skill level 1 in Conjurations
  1415 | D:2      | Reached skill level 1 in Hexes
  1415 | D:2      | Reached skill level 1 in Summonings
  1415 | D:2      | Reached skill level 1 in Necromancy
  1415 | D:2      | Reached skill level 1 in Translocations
  1415 | D:2      | Reached skill level 1 in Transmutations
  1415 | D:2      | Reached skill level 1 in Fire Magic
  1415 | D:2      | Reached skill level 1 in Ice Magic
  1415 | D:2      | Reached skill level 1 in Air Magic
  1415 | D:2      | Reached skill level 1 in Earth Magic
  1415 | D:2      | Reached skill level 1 in Poison Magic
  1527 | D:2      | Reached XP level 5. HP: 23/43 MP: 7/7
  2131 | D:3      | Noticed Ijyb
  2155 | D:3      | Killed Ijyb
  2288 | D:3      | Reached XP level 6. HP: 43/50 MP: 8/8
  2462 | D:3      | Reached skill level 5 in Fighting
  2462 | D:3      | Reached skill level 5 in Dodging
  2657 | D:3      | Found a runed translucent door.
  2657 | D:3      | Noticed a human
  2661 | D:3      | Found a basalt altar of Yredelemnul.
  3064 | D:4      | HP: 1/51 [orc/+0 hand axe (3)]
  3073 | D:4      | Slain by an orc

Illustrated notes

Levels and vault maps discovered:
D:1:      spicycebolla_arrival_ecumenical, layout_basic
D:2:      kennysheep_big_flooded_room, layout_rooms, uniq_terence, uniq_robin
D:3:      kennysheep_the_goblin_king, layout_basic, dk_yredelemnul_ordeal
D:4:      gammafunk_steamed_eel, layout_loops_ring, nicolae_ossuary_entry_ruins

Skill      XL: |  1  2  3  4  5  6 |
---------------+-------------------+-----
Invocations    | 1 2 |  2.5
Short Blades   | 1 2 |  2.2
Long Blades    | 1 2 |  2.2
Axes           | 1 2 |  2.2
Maces & Flails | 1 2 |  2.2
Polearms       | 1 2 |  2.2
Staves         | 1 2 |  2.2
Throwing       | 1 2 |  2.2
Armour         | 1 2 |  2.2
Shields        | 1 2 |  2.2
Unarmed Combat | 1 2 |  2.2
Spellcasting   | 1 2 |  2.2
Evocations     | 1 2 |  2.2
Conjurations   | 1 |  1.8
Hexes          | 1 |  1.8
Summonings     | 1 |  1.8
Necromancy     | 1 |  1.8
Translocations | 1 |  1.8
Transmutations | 1 |  1.8
Fire Magic     | 1 |  1.8
Ice Magic      | 1 |  1.8
Air Magic      | 1 |  1.8
Earth Magic    | 1 |  1.8
Poison Magic   | 1 |  1.8
Stealth        | 3 |  3.3
Fighting       | 5 |  5.1
Dodging        | 5 |  5.1
Ranged Weapons | |  8.8

Action                     |  1- 3 |  4- 6 || total
---------------------------+-------+-------++-------
  Melee: Dagger            |       |    37 ||    37
         Bite              |       |     7 ||     7
         Unarmed           |       |     5 ||     5
         Punch             |       |     1 ||     1
   Fire: Shortbow          |    82 |   181 ||   263
    Use: Potion            |       |     5 ||     5
 Armour: Leather armour    |     1 |     1 ||     2
         Animal skin       |       |    32 ||    32
  Dodge: Dodged            |    15 |   144 ||   159
